Map: Dusk Towers

Players

PSiArcYanmoo (PSiArc)

  • Race: Terran Terran
  • League: Grandmaster

Seither - Winner!

  • Race: Terran Terran
  • League: Grandmaster

VOD

Have the link to the VOD?

Description

Time

  • Played on: Dec. 15, 2015, 6:10 a.m.
  • Length: 10:44
Show
View Real Time Build Order
Export as new Build Order

PSiArcYanmoo Terran 

Build Orders: 1/1/1, MMM Bio, Banshee Rush 

Get SALT Encoding   

  12  0:00  SCV  
  13  0:13  SCV  
  14  0:17  Supply Depot  
  14  0:25  SCV  
  15  0:31  Refinery  
  15  0:39  SCV  
  16  0:45  Barracks  
  16  0:51  SCV  
  17  0:58  Refinery  
  17  1:03  SCV  
  18  1:15  SCV  
  19  1:31  Orbital Command  
  19  1:32  Factory  
  19  1:34  Marine  
  20  1:45  Supply Depot  
  20  1:53  Barracks Tech Lab  
  20  1:57  SCV  
  21  2:09  SCV  
  22  2:17  Starport  
  22  2:18  Hellion  
  22  2:19  Marine  
  25  2:23  SCV  
  26  2:30  Supply Depot  
  26  2:35  SCV  
  26  2:37  Marine  
  26  2:40  Hellion  
  29  2:49  SCV  
  30  2:53  Cloaking Field  
  30  2:56  Banshee  
  33  3:01  Barracks Reactor, SCV  
  34  3:09  Supply Depot  
  34  3:12  Factory Tech Lab  
  34  3:16  SCV  
  35  3:29  SCV  
  35  3:32  Cyclone  
  39  3:43  SCV  
  39  3:47  Command Center  
  40  3:52  Raven  
  43  3:55  SCV  
  43  4:00  Supply Depot  
  43  4:07  Marine x2  
  45  4:10  SCV  
  46  4:23  SCV, Siege Tank  
  50  4:36  SCV  
  51  4:41  Stimpack  
  51  4:44  Barracks  
  51  4:45  Starport Reactor  
  51  4:49  SCV  
  52  4:53  Marine  
  52  4:59  Barracks  
  53  5:01  Orbital Command  
  53  5:03  SCV  
  54  5:13  Marine  
  55  5:15  SCV  
  55  5:17  Refinery  
  55  5:20  Refinery  
  56  5:27  SCV  
  56  5:28  SCV  
  58  5:31  Marine x2  
  58  5:32  Marine  
  58  5:33  Supply Depot  
  58  5:34  Starport Reactor  
  61  5:39  SCV  
  62  5:46  SCV  
  62  5:48  Siege Tank, Marine  
  67  5:51  Supply Depot, SCV  
  67  5:52  Engineering Bay  
  67  5:54  Engineering Bay  
  68  5:58  SCV, Marine  
  68  5:59  Marine x2  
  68  6:04  SCV, Marine  
  73  6:07  Supply Depot  
  73  6:11  SCV  
  75  6:13  Marine  
  75  6:14  Medivac  
  75  6:15  Medivac  
  75  6:18  Marine  
  81  6:19  SCV  
  81  6:23  Terran Infantry Weapons Level 1  
  81  6:24  Terran Infantry Armor Level 1  
  82  6:25  SCV  
  82  6:28  Marine x2  
  82  6:31  SCV  
  86  6:34  Supply Depot  
  86  6:38  Siege Tank  
  89  6:46  Marine  
  90  6:47  Marine x3  
  93  6:54  Supply Depot  
  93  6:55  Medivac x2  
  93  6:57  Marine  
  98  7:04  Marine  
  98  7:05  SCV x2  
  98  7:08  Marine  
  102  7:15  Marine x2  
  104  7:24  Supply Depot x2  
  104  7:27  Armory  
  101  7:37  Command Center  
  101  7:42  Medivac x2  
  101  7:43  Marine x4  
  109  7:44  SCV  
  109  7:51  Marine  
  110  8:00  Marine  
  110  8:03  Marine  
  112  8:07  Marine  
  112  8:09  Marine x2  
  112  8:10  Combat Shields  
  116  8:12  SCV  
  116  8:13  Supply Depot x2  
  116  8:19  Command Center  
  116  8:25  Marine x2  
  116  8:26  Marine  
  117  8:27  Terran Infantry Weapons Level 2  
  117  8:28  Terran Infantry Armor Level 2  
  117  8:32  Supply Depot  
  117  8:42  Marine x2  
  117  8:43  Marine  
  117  8:44  Siege Tank, Marine  
  124  8:59  Marine x2  
  124  9:00  Marine  
  106  9:10  Marine x2  
  106  9:16  Medivac x2  
  106  9:17  Marine x3  
  94  9:28  Marine x2  
  96  9:31  Orbital Command  
  96  9:34  Marine  
  96  9:35  Marine x2  
  96  9:38  Siege Tank  
  102  9:46  Marine x2  
  102  9:49  Medivac  
  102  9:50  Medivac  
  102  9:52  Marine  
  102  9:53  Marine x2  
  99  10:03  Marine  
  99  10:04  Marine  
  101  10:10  Marine  
  101  10:11  Marine  
  101  10:12  Orbital Command  
  95  10:16  Marine  
  93  10:21  Marine x2  
  99  10:40  Supply Depot  
  99  10:41  Supply Depot  
Show
View Real Time Build Order
Export as new Build Order

Seither Terran - Winner!

Build Orders: Reaper Expand, MMM Bio 

Get SALT Encoding   

  12  0:00  SCV  
  13  0:13  SCV  
  14  0:17  Supply Depot  
  14  0:25  SCV  
  15  0:39  SCV  
  15  0:40  Barracks  
  16  0:45  Refinery  
  16  0:51  SCV  
  17  1:03  SCV  
  18  1:15  SCV  
  19  1:30  Reaper, Orbital Command  
  20  1:45  Command Center  
  20  1:57  SCV  
  20  1:59  Supply Depot  
  21  2:03  Marine  
  22  2:09  Factory  
  22  2:11  SCV  
  23  2:19  Refinery  
  23  2:23  SCV  
  23  2:24  Barracks Reactor  
  24  2:35  SCV  
  25  2:47  SCV  
  26  2:52  Factory Tech Lab  
  26  2:57  Starport  
  26  3:00  SCV, Orbital Command  
  26  3:01  Marine x2  
  29  3:11  Supply Depot  
  29  3:12  SCV  
  30  3:19  Marine x2  
  32  3:24  SCV  
  32  3:26  Engineering Bay  
  32  3:29  Cyclone  
  32  3:32  SCV  
  36  3:36  SCV  
  36  3:41  Viking  
  39  3:45  SCV  
  40  3:48  SCV  
  40  3:51  Marine x2  
  40  3:55  Missile Turret  
  43  3:57  Missile Turret  
  43  3:59  SCV  
  44  4:04  SCV  
  44  4:06  Siege Tank  
  47  4:21  Medivac, Marine x2  
  47  4:22  SCV  
  47  4:23  SCV  
  52  4:30  Supply Depot  
  52  4:31  Supply Depot  
  52  4:36  SCV x2  
  54  4:46  Command Center  
  54  4:51  SCV x2, Siege Tank  
  54  4:52  Refinery  
  59  4:56  Marine x2  
  61  5:00  Supply Depot  
  61  5:02  Medivac  
  63  5:09  SCV x2, Supply Depot  
  65  5:19  Engineering Bay, Marine  
  65  5:20  Refinery  
  66  5:21  SCV x2  
  68  5:29  Siege Tank  
  68  5:34  Starport Reactor  
  68  5:35  Supply Depot, SCV x2  
  72  5:45  Terran Infantry Weapons Level 1  
  72  5:49  SCV  
  73  5:50  SCV  
  73  5:54  Barracks Tech Lab  
  74  5:58  Barracks  
  74  5:59  Barracks  
  74  6:01  Orbital Command  
  74  6:03  Siege Tank  
  77  6:04  SCV x2  
  77  6:07  Supply Depot  
  77  6:08  Terran Infantry Armor Level 1  
  79  6:14  Marine  
  79  6:15  Stimpack  
  79  6:17  SCV x2  
  82  6:20  Supply Depot  
  82  6:25  Starport Reactor  
  82  6:29  SCV, Barracks  
  82  6:30  SCV x2  
  82  6:31  Barracks  
  85  6:35  Marine  
  85  6:39  Siege Tank  
  89  6:42  Orbital Command  
  88  6:47  Marine x2  
  90  6:55  Marine x2  
  90  6:56  Marine  
  93  7:05  Marine x2  
  95  7:08  SCV x2  
  95  7:13  Marine x3  
  95  7:14  Refinery  
  100  7:18  Refinery  
  100  7:21  SCV  
  100  7:22  SCV x2, Marine  
  103  7:23  Marine  
  103  7:25  Medivac  
  103  7:26  Medivac  
  103  7:27  Barracks Reactor x2  
  103  7:28  Armory  
  106  7:30  Supply Depot  
  106  7:31  Marine x2  
  106  7:32  Marine  
  106  7:33  SCV  
  106  7:34  SCV  
  111  7:40  Marine x2  
  113  7:49  Marine x2  
  113  7:50  Marine  
  116  7:53  SCV  
  116  7:54  SCV  
  118  7:58  Marine x2  
  118  8:02  SCV  
  118  8:05  SCV, Siege Tank, Medivac x2  
  127  8:06  Marine  
  127  8:07  Marine x2  
  127  8:09  SCV  
  132  8:14  SCV  
  132  8:17  Sensor Tower  
  133  8:24  Combat Shields  
  133  8:25  SCV  
  133  8:35  Marine x8  
  133  8:36  Marine  
  133  8:37  Supply Depot  
  140  8:47  Sensor Tower  
  140  8:53  Marine  
  140  8:54  Marine x3  
  141  8:55  Marine  
  141  8:56  Marine x3  
  141  8:58  Marine  
  120  9:10  Marine  
  120  9:12  Marine x3  
  120  9:13  Marine  
  120  9:14  Marine x2  
  120  9:15  Marine x2  
  124  9:17  SCV  
  124  9:23  Supply Depot, SCV  
  124  9:24  Supply Depot  
  126  9:25  Supply Depot  
  126  9:28  Marine  
  125  9:34  Marine  
  125  9:44  Marine x4  
  125  9:45  SCV x3, Siege Tank, Marine x2  
  135  9:46  Supply Depot x2, Marine  
  135  9:51  Refinery  
  137  9:55  Marine x2  
  135  10:02  Marine x3  
  135  10:06  Marine x2  
  126  10:08  Marine x2  
  126  10:13  Marine x2, Medivac x2  
  133  10:25  Marine x2  
  133  10:28  SCV x3  
  136  10:33  Factory  
Tags
 
Add a new tag
Caveats
  • Supply blocks, unpowered buildings, or Contaminate may cause inaccurate times.
  • Supply counts are checked every 10 seconds.